[ AOE2 MATCH · #506496143 ]
UnrankedVietnamese vs Japanese
Player's team · LOSS
[ REPLAY ANALYSIS · EXTRACTED FROM THE RECORDED GAME ]
Feudal
14:43
Castle
18:24
Imperial
—
| APM avg | 46.6 |
| APM peak | 94 |
| eAPM avg | 17.2 |
| Villagers / military | 65 / 46 |
Focus
⚔️ 27.8% · 🌾 72.2%
Archer ×42 · Mangonel ×3 · Scorpion ×1
Feudal
10:52
Castle
20:59
Imperial
—
| APM avg | 56.2 |
| APM peak | 99 |
| eAPM avg | 29.4 |
| Villagers / military | 83 / 34 |
Focus
⚔️ 29.9% · 🌾 70.1%
Archer ×18 · Mangonel ×9 · Militia ×7
Match map
Initial resources + every placement click. Lines = walls · curves = elevation contours. ◆ gold · ⬟ stone · ● berries · ✦ relic · ◌ wall gap
Your base· Open — 6t gap
CTM | El Inadecuado's base· Open — 5t gap
Smoothed initial terrain · ◌ = detected wall gap · hover for details
Inputs per minute
— kim.henrik.himanen123 - - CTM | El Inadecuado
Build order — kim.henrik.himanen123
First 150 of 153 actions detected
| 0:00 | Queue | Villager (Male) ×4 |
| 0:02 | Build | House |
| 0:02 | Build | House |
| 1:39 | Research | Loom |
| 2:00 | Queue | Villager (Male) |
| 2:00 | Queue | Villager (Male) |
| 2:09 | Build | Palisade Gate |
| 2:14 | Build | House |
| 2:22 | Build | Palisade Gate |
| 2:25 | Build | Palisade Gate |
| 2:52 | Queue | Villager (Male) |
| 2:53 | Queue | Villager (Male) |
| 2:58 | Build | Palisade Gate |
| 3:08 | Queue | Villager (Male) |
| 3:10 | Build | House |
| 3:40 | Queue | Villager (Male) |
| 4:01 | Queue | Villager (Male) |
| 4:01 | Queue | Villager (Male) |
| 4:09 | Build | Palisade Wall |
| 4:36 | Queue | Villager (Male) |
| 5:13 | Queue | Villager (Male) ×2 |
| 5:13 | Queue | Villager (Male) ×2 |
| 5:18 | Queue | Villager (Male) |
| 5:28 | Build | Lumber Camp |
| 5:44 | Queue | Villager (Male) |
| 5:45 | Queue | Villager (Male) |
| 6:15 | Queue | Villager (Male) |
| 6:18 | Queue | Villager (Male) |
| 6:30 | Queue | Villager (Male) |
| 6:37 | Build | House |
| 6:58 | Queue | Villager (Male) |
| 7:02 | Queue | Villager (Male) |
| 7:02 | Queue | Villager (Male) |
| 7:44 | Queue | Villager (Male) |
| 7:44 | Queue | Villager (Male) |
| 7:48 | Queue | Villager (Male) |
| 8:11 | Queue | Villager (Male) |
| 8:19 | Build | House |
| 8:54 | Build | Palisade Wall |
| 9:00 | Build | Palisade Wall |
| 9:24 | Build | Mill |
| 10:22 | Queue | Villager (Male) |
| 10:22 | Queue | Villager (Male) |
| 11:06 | Build | Palisade Wall |
| 11:23 | Queue | Villager (Male) |
| 11:23 | Queue | Villager (Male) |
| 11:54 | Build | Mining Camp |
| 11:57 | Build | Palisade Gate |
| 12:05 | Build | Palisade Wall |
| 12:07 | Build | Palisade Wall |
| 12:09 | Build | Palisade Wall |
| 12:10 | Build | Palisade Wall |
| 12:33 | Research | Feudal Age |
| 13:24 | Build | Palisade Wall |
| 13:29 | Build | Palisade Wall |
| 13:32 | Build | Palisade Wall |
| 14:21 | Build | Palisade Wall |
| 14:22 | Build | Palisade Wall |
| 14:30 | Build | House |
| 14:38 | Build | Palisade Wall |
| 14:43 | Age | Feudal Age |
| 14:51 | Build | Market |
| 14:55 | Build | Blacksmith |
| 15:02 | Build | Palisade Wall |
| 15:08 | Build | Palisade Wall |
| 15:25 | Build | Watch Tower |
| 15:44 | Research | Castle Age |
| 15:55 | Build | Farm |
| 15:57 | Build | Farm |
| 15:58 | Build | Farm |
| 16:00 | Build | Farm |
| 16:05 | Build | Stone Wall |
| 16:19 | Build | Mining Camp |
| 16:37 | Build | Barracks |
| 17:09 | Build | Stone Wall |
| 17:29 | Build | Watch Tower |
| 17:53 | Research | Double-Bit Axe |
| 18:13 | Build | Palisade Gate |
| 18:23 | Build | Lumber Camp |
| 18:24 | Age | Castle Age |
| 18:45 | Build | Siege Workshop |
| 18:50 | Queue | Villager (Male) ×2 |
| 19:19 | Build | House |
| 19:25 | Build | Palisade Wall |
| 19:27 | Queue | Villager (Male) |
| 19:28 | Queue | Villager (Male) |
| 20:08 | Queue | Mangonel |
| 20:09 | Queue | Villager (Male) ×2 |
| 20:09 | Queue | Villager (Male) ×2 |
| 20:15 | Build | House |
| 20:16 | Build | House |
| 20:36 | Queue | Villager (Male) |
| 20:37 | Queue | Villager (Male) |
| 20:51 | Build | Archery Range |
| 20:56 | Build | House |
| 20:57 | Build | House |
| 21:15 | Queue | Villager (Male) |
| 21:18 | Build | Archery Range |
| 21:48 | Queue | Archer |
| 21:50 | Queue | Villager (Male) |
| 21:55 | Build | Palisade Wall |
| 22:11 | Queue | Archer |
| 22:18 | Build | Archery Range |
| 22:20 | Queue | Archer |
| 22:20 | Queue | Archer |
| 22:30 | Build | Farm |
| 22:36 | Build | Stone Wall |
| 22:48 | Queue | Villager (Male) |
| 22:50 | Research | Fletching |
| 22:52 | Queue | Archer ×3 |
| 23:23 | Build | Farm |
| 23:27 | Queue | Villager (Male) |
| 23:27 | Queue | Villager (Male) |
| 23:32 | Queue | Archer ×3 |
| 23:45 | Queue | Scorpion |
| 23:51 | Build | Farm |
| 24:05 | Queue | Archer |
| 24:07 | Queue | Villager (Male) |
| 24:27 | Queue | Archer ×3 |
| 24:31 | Build | Farm |
| 24:34 | Build | Farm |
| 24:38 | Queue | Villager (Male) |
| 24:53 | Build | Lumber Camp |
| 25:04 | Queue | Villager (Male) |
| 25:18 | Queue | Archer ×3 |
| 25:41 | Queue | Mangonel |
| 25:45 | Queue | Villager (Male) |
| 25:45 | Queue | Villager (Male) |
| 26:07 | Build | House |
| 26:08 | Build | House |
| 26:09 | Queue | Villager (Male) ×4 |
| 26:20 | Research | Bodkin Arrow |
| 26:34 | Build | Farm |
| 26:41 | Research | Padded Archer Armor |
| 27:22 | Queue | Mangonel |
| 27:29 | Research | Crossbowman (upgrade) |
| 27:30 | Queue | Archer ×3 |
| 27:31 | Queue | Archer ×3 |
| 27:31 | Queue | Archer ×3 |
| 27:32 | Queue | Villager (Male) |
| 27:56 | Build | Mining Camp |
| 28:10 | Research | Padded Archer Armor |
| 28:12 | Queue | Archer ×2 |
| 28:12 | Queue | Archer ×2 |
| 28:13 | Queue | Archer ×2 |
| 28:21 | Queue | Villager (Male) |
| 28:22 | Queue | Villager (Male) |
| 29:22 | Queue | Villager (Male) |
| 29:24 | Queue | Archer ×5 |
| 31:27 | Research | Wheelbarrow |
Build order — CTM | El Inadecuado
First 150 of 230 actions detected
| 0:00 | Queue | Villager (Male) |
| 0:01 | Queue | Villager (Male) |
| 0:02 | Build | House |
| 0:03 | Build | House |
| 0:19 | Queue | Villager (Male) |
| 0:19 | Queue | Villager (Male) |
| 1:30 | Queue | Villager (Male) |
| 1:30 | Queue | Villager (Male) |
| 2:07 | Build | Lumber Camp |
| 2:08 | Queue | Villager (Male) |
| 2:08 | Queue | Villager (Male) |
| 2:43 | Queue | Villager (Male) |
| 2:43 | Queue | Villager (Male) |
| 2:44 | Queue | Villager (Male) |
| 3:09 | Queue | Villager (Male) |
| 3:09 | Queue | Villager (Male) |
| 3:33 | Queue | Villager (Male) |
| 3:33 | Queue | Villager (Male) |
| 3:43 | Build | House |
| 4:05 | Build | Mill |
| 4:26 | Queue | Villager (Male) |
| 4:26 | Queue | Villager (Male) |
| 4:46 | Queue | Villager (Male) |
| 5:09 | Build | Palisade Gate |
| 5:14 | Build | Palisade Gate |
| 5:24 | Build | Mill |
| 5:38 | Queue | Villager (Male) |
| 5:38 | Queue | Villager (Male) |
| 5:38 | Queue | Villager (Male) |
| 5:46 | Build | Palisade Wall |
| 5:54 | Build | Palisade Wall |
| 5:54 | Build | Palisade Wall |
| 5:55 | Build | Palisade Wall |
| 6:41 | Queue | Villager (Male) |
| 7:05 | Research | Loom |
| 8:04 | Build | Palisade Wall |
| 8:26 | Build | Barracks |
| 8:37 | Build | Mining Camp |
| 8:42 | Research | Feudal Age |
| 8:42 | Research | Feudal Age |
| 8:42 | Research | Feudal Age |
| 8:57 | Build | House |
| 9:26 | Queue | Militia |
| 9:27 | Queue | Militia |
| 9:36 | Build | Farm |
| 9:37 | Build | Farm |
| 9:45 | Queue | Militia |
| 9:45 | Queue | Militia |
| 9:45 | Queue | Militia |
| 9:55 | Build | House |
| 10:15 | Queue | Militia |
| 10:15 | Queue | Militia |
| 10:37 | Queue | Villager (Male) |
| 10:52 | Age | Feudal Age |
| 10:52 | Research | Man-at-Arms (upgrade) |
| 10:52 | Research | Man-at-Arms (upgrade) |
| 10:55 | Build | Farm |
| 10:58 | Build | Farm |
| 10:58 | Queue | Villager (Male) |
| 10:59 | Queue | Villager (Male) |
| 11:24 | Queue | Villager (Male) |
| 11:25 | Queue | Villager (Male) |
| 11:51 | Queue | Villager (Male) |
| 12:06 | Build | Archery Range |
| 12:22 | Queue | Villager (Male) |
| 12:25 | Queue | Villager (Male) |
| 12:48 | Build | House |
| 12:52 | Build | Farm |
| 13:06 | Queue | Archer |
| 13:06 | Queue | Archer |
| 13:27 | Queue | Archer |
| 13:39 | Queue | Villager (Male) |
| 13:39 | Queue | Villager (Male) |
| 13:46 | Queue | Archer |
| 13:50 | Build | House |
| 13:54 | Build | Palisade Wall |
| 13:55 | Build | Palisade Wall |
| 14:04 | Build | Palisade Wall |
| 14:14 | Queue | Archer |
| 14:17 | Build | Farm |
| 14:53 | Queue | Archer |
| 14:54 | Queue | Archer |
| 15:07 | Build | Farm |
| 15:08 | Build | Farm |
| 15:09 | Build | Farm |
| 15:12 | Queue | Villager (Male) |
| 15:29 | Build | House |
| 15:49 | Queue | Villager (Male) |
| 15:51 | Build | Lumber Camp |
| 15:53 | Build | Lumber Camp |
| 16:00 | Build | House |
| 16:24 | Build | Blacksmith |
| 16:58 | Queue | Villager (Male) |
| 17:09 | Build | Farm |
| 17:12 | Build | Farm |
| 17:13 | Build | Farm |
| 17:17 | Build | Farm |
| 17:19 | Build | Farm |
| 17:42 | Build | Farm |
| 18:19 | Research | Castle Age |
| 18:27 | Build | Farm |
| 18:28 | Build | Farm |
| 18:29 | Build | Farm |
| 18:51 | Research | Fletching |
| 18:51 | Research | Fletching |
| 18:57 | Build | Palisade Wall |
| 19:03 | Build | Palisade Wall |
| 19:44 | Queue | Archer |
| 19:44 | Queue | Archer |
| 19:53 | Build | Outpost |
| 20:00 | Build | Palisade Wall |
| 20:15 | Build | Outpost |
| 20:24 | Research | Padded Archer Armor |
| 20:37 | Build | Outpost |
| 20:43 | Queue | Archer |
| 20:59 | Age | Castle Age |
| 21:02 | Research | Crossbowman (upgrade) |
| 21:04 | Research | Bodkin Arrow |
| 21:04 | Research | Bodkin Arrow |
| 21:20 | Queue | Villager (Male) |
| 21:20 | Queue | Villager (Male) |
| 21:42 | Build | Siege Workshop |
| 21:52 | Build | Farm |
| 21:54 | Build | Farm |
| 22:05 | Research | Double-Bit Axe |
| 22:05 | Research | Double-Bit Axe |
| 22:22 | Queue | Villager (Male) |
| 22:24 | Build | House |
| 22:44 | Build | Palisade Wall |
| 23:04 | Build | House |
| 23:11 | Queue | Villager (Male) |
| 23:11 | Queue | Villager (Male) |
| 23:13 | Queue | Mangonel |
| 23:14 | Queue | Mangonel |
| 23:18 | Build | Palisade Gate |
| 23:30 | Queue | Villager (Male) |
| 23:30 | Queue | Villager (Male) |
| 23:41 | Research | Leather Archer Armor |
| 23:51 | Build | House |
| 24:11 | Build | Farm |
| 24:35 | Queue | Mangonel |
| 24:36 | Queue | Mangonel |
| 24:54 | Queue | Villager (Male) |
| 24:54 | Queue | Villager (Male) |
| 25:30 | Build | Town Center |
| 25:46 | Queue | Villager (Male) |
| 25:46 | Queue | Villager (Male) |
| 25:46 | Queue | Villager (Male) |
| 26:17 | Build | Farm |
| 26:19 | Research | Bow Saw |
Match timeline
| 4:09 | kim.henrik.himanen123 · wall_segment Palisade Wall x3 |
| 5:46 | CTM | El Inadecuado · wall_segment Palisade Wall x1 |
| 5:54 | CTM | El Inadecuado · wall_segment Palisade Wall x5 |
| 5:54 | CTM | El Inadecuado · wall_segment Palisade Wall x1 |
| 5:55 | CTM | El Inadecuado · wall_segment Palisade Wall x1 |
| 8:04 | CTM | El Inadecuado · wall_segment Palisade Wall x5 |
| 8:26 | CTM | El Inadecuado · first_building Barracks |
| 8:54 | kim.henrik.himanen123 · wall_segment Palisade Wall x1 |
| 9:00 | kim.henrik.himanen123 · wall_segment Palisade Wall x17 |
| 10:52 | CTM | El Inadecuado · age_up feudal |
| 11:06 | kim.henrik.himanen123 · wall_segment Palisade Wall x7 |
| 12:05 | kim.henrik.himanen123 · wall_segment Palisade Wall x1 |
| 12:06 | CTM | El Inadecuado · first_building Archery Range |
| 12:07 | kim.henrik.himanen123 · wall_segment Palisade Wall x1 |
| 12:09 | kim.henrik.himanen123 · wall_segment Palisade Wall x1 |
| 12:10 | kim.henrik.himanen123 · wall_segment Palisade Wall x1 |
| 13:24 | kim.henrik.himanen123 · wall_segment Palisade Wall x1 |
| 13:29 | kim.henrik.himanen123 · wall_segment Palisade Wall x3 |
| 13:32 | kim.henrik.himanen123 · wall_segment Palisade Wall x3 |
| 13:54 | CTM | El Inadecuado · wall_segment Palisade Wall x2 |
| 13:55 | CTM | El Inadecuado · wall_segment Palisade Wall x1 |
| 14:04 | CTM | El Inadecuado · wall_segment Palisade Wall x13 |
| 14:21 | kim.henrik.himanen123 · wall_segment Palisade Wall x1 |
| 14:22 | kim.henrik.himanen123 · wall_segment Palisade Wall x1 |
| 14:38 | kim.henrik.himanen123 · wall_segment Palisade Wall x1 |
| 14:43 | kim.henrik.himanen123 · age_up feudal |
| 15:02 | kim.henrik.himanen123 · wall_segment Palisade Wall x1 |
| 15:08 | kim.henrik.himanen123 · wall_segment Palisade Wall x1 |
| 16:05 | kim.henrik.himanen123 · wall_segment Stone Wall x6 |
| 16:37 | kim.henrik.himanen123 · first_building Barracks |
| 17:09 | kim.henrik.himanen123 · wall_segment Stone Wall x9 |
| 17:20 | kim.henrik.himanen123 · first_market_sell 100 wood |
| 17:21 | kim.henrik.himanen123 · first_market_buy 100 stone |
| 18:24 | kim.henrik.himanen123 · age_up castle |
| 18:45 | kim.henrik.himanen123 · first_building Siege Workshop |
| 18:57 | CTM | El Inadecuado · wall_segment Palisade Wall x14 |
| 19:03 | CTM | El Inadecuado · wall_segment Palisade Wall x15 |
| 19:25 | kim.henrik.himanen123 · wall_segment Palisade Wall x1 |
| 20:00 | CTM | El Inadecuado · wall_segment Palisade Wall x1 |
| 20:51 | kim.henrik.himanen123 · first_building Archery Range |
| 20:59 | CTM | El Inadecuado · age_up castle |
| 21:42 | CTM | El Inadecuado · first_building Siege Workshop |
| 21:55 | kim.henrik.himanen123 · wall_segment Palisade Wall x1 |
| 22:36 | kim.henrik.himanen123 · wall_segment Stone Wall x2 |
| 22:44 | CTM | El Inadecuado · wall_segment Palisade Wall x1 |
| 32:09 | CTM | El Inadecuado · first_building Castle |
| 33:37 | kim.henrik.himanen123 · resign |
[ AI ANALYSIS · 1 CREDIT ]
What really happened in this match?
Wolo.gg analyzes every decision: build order, eco, micro, common mistakes by bracket. Personalized analysis on WhatsApp or Discord in 30 seconds.
Civ guide
Vietnamese
Perfil
kim.henrik.himanen123